Map: [ESL] Goldenaura

Players

DnS

  • Race: Protoss Protoss
  • Spawn Location: 12:00

Strange - Winner!

  • Race: Protoss Protoss
  • Spawn Location: 5:00

Event: ESL SC2 Masters 2024 Spring (Regional)

VOD

Have the link to the VOD?

Description

Time

  • Played on: April 13, 2024, 9:14 a.m.
  • Length: 9:56

All games in this series

Show
View Real Time Build Order
Export as new Build Order

DnS Protoss 

Build Orders: Oracle Opening 

Get SALT Encoding   

  12  0:00  Probe  
  13  0:12  Probe  
  14  0:17  Pylon  
  14  0:24  Probe (Chrono Boost)  
  15  0:36  Probe (Chrono Boost)  
  15  0:37  Gateway  
  16  0:45  Probe (Chrono Boost)  
  16  0:46  Assimilator  
  17  0:51  Probe  
  17  0:55  Assimilator  
  18  1:03  Probe (Chrono Boost)  
  19  1:09  Gateway  
  19  1:13  Probe (Chrono Boost)  
  19  1:18  Probe (Chrono Boost)  
  21  1:26  Cybernetics Core  
  21  1:30  Probe  
  22  1:39  Pylon  
  22  1:42  Probe  
  23  1:57  Probe  
  24  2:02  Stalker x2  
  24  2:06  Warp Gate  
  28  2:14  Pylon  
  28  2:25  Stargate  
  28  2:34  Adept  
  28  2:35  Adept  
  32  3:02  Nexus  
  32  3:05  Probe  
  33  3:11  Oracle (Chrono Boost)  
  33  3:19  Probe  
  37  3:25  Pylon  
  37  3:31  Probe  
  38  3:43  Oracle (Chrono Boost), Probe  
  43  3:55  Probe  
  43  4:01  Twilight Council  
  39  4:08  Probe (Chrono Boost)  
  40  4:15  Probe (Chrono Boost)  
  41  4:20  Stalker, Probe (Chrono Boost)  
  45  4:24  Probe (Chrono Boost)  
  45  4:25  Probe (Chrono Boost)  
  45  4:27  Stalker  
  45  4:29  Probe (Chrono Boost)  
  49  4:33  Blink (Chrono Boost)  
  49  4:34  Probe  
  50  4:41  Probe  
  50  4:42  Gateway  
  51  4:46  Probe  
  51  4:51  Stalker  
  51  4:52  Stalker  
  56  4:53  Probe  
  56  4:56  Pylon  
  56  4:58  Probe  
  58  5:06  Probe  
  59  5:13  Nexus  
  59  5:19  Probe x2  
  61  5:22  Stalker  
  61  5:27  Stalker  
  65  5:29  Pylon  
  65  5:32  Probe  
  65  5:33  Probe  
  65  5:34  Assimilator  
  67  5:41  Pylon  
  67  5:44  Stalker  
  67  5:45  Probe  
  67  5:47  Probe  
  71  5:52  Stalker x2  
  75  5:57  Probe  
  75  5:59  Probe  
  75  6:01  Shield Battery  
  75  6:03  Forge  
  77  6:10  Probe  
  78  6:13  Probe  
  78  6:14  Stalker  
  78  6:15  Stalker  
  78  6:16  Stalker  
  85  6:23  Robotics Facility  
  86  6:27  Probe (Chrono Boost)  
  86  6:28  Pylon, Probe x2 (Chrono Boost)  
  86  6:29  Charge  
  88  6:33  Protoss Ground Weapons Level 1 (Chrono Boost)  
  88  6:37  Probe x2 (Chrono Boost)  
  88  6:39  Probe (Chrono Boost)  
  91  6:42  Probe x2 (Chrono Boost)  
  93  6:52  Probe  
  91  6:56  Probe x2  
  93  7:02  Gateway  
  93  7:04  Gateway  
  93  7:06  Gateway x2  
  93  7:07  Gateway  
  93  7:13  Observer  
  95  7:17  Stalker x3  
  94  7:33  Warp Prism (Chrono Boost)  
  96  7:39  Probe  
  96  7:40  Nexus, Probe x2  
  96  7:41  Pylon  
  96  7:42  Stalker  
  96  7:43  Stalker x2  
  105  7:45  Pylon  
  105  7:53  Photon Cannon  
  105  7:54  Probe x3  
  105  7:56  Pylon  
  108  8:00  Zealot x2, Observer  
  108  8:01  Zealot x2  
  117  8:10  Stalker x4  
  125  8:19  Photon Cannon, Probe  
  127  8:20  Probe x2  
  127  8:21  Shield Battery  
  128  8:36  Zealot x2  
  132  8:42  Pylon x2  
  132  8:44  Immortal (Chrono Boost)  
  132  8:45  Dark Shrine  
  116  8:56  Stalker  
  116  8:58  Zealot x7  
  132  9:03  Assimilator, Probe x3  
  132  9:08  Assimilator  
  135  9:13  Shield Battery  
  135  9:14  Shield Battery  
  135  9:15  Shield Battery  
  135  9:16  Shield Battery  
  135  9:17  Shield Battery  
  135  9:20  Stalker x2  
  135  9:21  Stalker  
  141  9:25  Stalker  
  135  9:33  Stalker x3  
  135  9:37  Stalker  
  99  9:49  Stalker x3  
Show
View Real Time Build Order
Export as new Build Order

Strange Protoss - Winner!

Build Orders: Phoenix Opening, Blink Stalkers 

Get SALT Encoding   

  12  0:00  Probe  
  13  0:12  Probe  
  14  0:17  Pylon  
  14  0:24  Probe  
  15  0:35  Gateway  
  15  0:36  Probe (Chrono Boost)  
  16  0:46  Assimilator, Probe (Chrono Boost)  
  17  0:51  Probe (Chrono Boost)  
  17  0:55  Assimilator  
  18  1:03  Probe (Chrono Boost)  
  19  1:07  Gateway  
  20  1:12  Probe (Chrono Boost)  
  20  1:17  Probe (Chrono Boost)  
  20  1:23  Cybernetics Core  
  21  1:29  Probe  
  22  1:34  Pylon  
  22  1:41  Probe  
  23  1:53  Probe  
  24  2:00  Warp Gate (Chrono Boost), Stalker  
  28  2:05  Probe  
  29  2:10  Sentry  
  29  2:12  Pylon  
  29  2:17  Probe  
  30  2:29  Pylon  
  30  2:30  Sentry  
  30  2:31  Probe  
  33  2:40  Phoenix  
  33  2:47  Nexus  
  33  2:48  Probe  
  33  2:50  Sentry  
  36  2:56  Shield Battery  
  36  3:01  Probe  
  37  3:08  Twilight Council  
  37  3:14  Pylon  
  37  3:17  Probe  
  38  3:29  Probe  
  39  3:41  Probe  
  39  3:42  Blink (Chrono Boost), Stalker x2  
  44  3:53  Probe  
  41  4:03  Probe (Chrono Boost)  
  41  4:08  Stalker  
  41  4:09  Probe (Chrono Boost)  
  45  4:15  Stalker, Probe (Chrono Boost)  
  48  4:21  Probe x2 (Chrono Boost)  
  50  4:28  Forge  
  50  4:29  Probe  
  50  4:30  Probe  
  52  4:40  Pylon  
  52  4:42  Stalker, Probe x2  
  56  4:54  Protoss Ground Weapons Level 1 (Chrono Boost), Probe x2  
  56  4:56  Stalker  
  60  5:00  Assimilator  
  60  5:06  Probe x2  
  62  5:08  Robotics Facility  
  62  5:12  Pylon  
  62  5:17  Stalker  
  64  5:29  Stalker  
  64  5:32  Nexus  
  64  5:33  Pylon  
  66  5:42  Probe x2  
  68  5:44  Stalker  
  70  5:51  Shield Battery  
  70  5:53  Observer  
  70  5:54  Probe x2  
  73  6:03  Pylon  
  73  6:06  Probe x2  
  73  6:07  Gateway  
  75  6:14  Immortal (Chrono Boost)  
  75  6:18  Probe x2  
  81  6:29  Stalker x2  
  81  6:30  Probe x2  
  87  6:34  Gateway  
  87  6:41  Observer  
  87  6:42  Probe x2  
  87  6:46  Immortal (Chrono Boost)  
  89  6:51  Probe  
  89  6:52  Protoss Ground Weapons Level 2 (Chrono Boost)  
  92  6:54  Probe x2  
  94  7:02  Assimilator  
  94  7:03  Probe  
  94  7:06  Probe x2  
  97  7:15  Probe  
  98  7:18  Probe x2  
  96  7:23  Immortal (Chrono Boost), Stalker x3  
  96  7:26  Pylon x2  
  96  7:27  Probe  
  107  7:32  Photon Cannon  
  107  7:36  Gateway x2  
  107  7:38  Resonating Glaives  
  107  7:39  Gateway  
  107  7:41  Gateway  
  107  7:50  Pylon  
  107  7:52  Photon Cannon  
  107  7:53  Warp Prism (Chrono Boost)  
  107  7:58  Sentry x3, Stalker  
  111  8:02  Pylon  
  117  8:08  Pylon  
  117  8:11  Gateway  
  117  8:15  Gateway  
  117  8:18  Pylon  
  117  8:23  Sentry  
  117  8:24  Stalker x3  
  125  8:27  Pylon x2  
  125  8:36  Adept x4  
  125  8:40  Observer  
  131  8:59  Stalker x7  
  145  9:08  Pylon  
  145  9:17  Adept x3  
  149  9:23  Adept x6  
  149  9:24  Adept  
  147  9:40  Adept x3  
  147  9:45  Adept x6  
Tags
 
Add a new tag
Caveats
  • Supply blocks, unpowered buildings, or Contaminate may cause inaccurate times.
  • Supply counts are checked every 10 seconds.